 Dungeon Crawl Stone Soup version 0.27.0-1-g7a089689b8 (webtiles) character file.

Game seed: 1715103002564905755

1 sasquatch the Insei (level 1, -1/15 HPs)
             Began as a Demigod Transmuter on Aug 5, 2021.
             Slain by a ball python (2 damage)
             ... on level 1 of the Dungeon.
             The game lasted 00:00:37 (31 turns).

sasquatch the Insei (Demigod Transmuter)              Turns: 31, Time: 00:00:37

Health: -1/15      AC:  2    Str: 11    XL:     1   Next: 13%
Magic:  5/5        EV:  9    Int: 15    God:
Gold:   0          SH:  0    Dex: 14    Spells: 2/3 levels left

rFire    . . .     SeeInvis .     - Unarmed
rCold    . . .     Faith    .   (no shield)
rNeg     . . .     Spirit   .   a - +0 robe
rPois    .         Reflect  .   (no helmet)
rElec    .         Harm     .   (no cloak)
rCorr    .         Rampage  .   (no gloves)
Will     .....                  (no boots)
Stlth    +.........             (no amulet)
HPRegen  0.05/turn              (no ring)
MPRegen  0.09/turn              (no ring)

@: constricted
A: high mp 1, forlorn
a: no special abilities


You were on level 1 of the Dungeon.
You visited 1 branch of the dungeon, and saw 1 of its levels.

Inventory:

Armour
 a - a +0 robe (worn)
Potions
 b - a potion of lignification {unknown}


   Skills:
 + Level 0.9 Fighting
 - Level 1.7 Dodging
 * Level 2.7 Unarmed Combat
 - Level 1.7 Spellcasting
 + Level 1.8 Transmutations


You had 2 spell levels left.
You knew the following spells:

 Your Spells              Type           Power      Damage    Failure   Level
a - Beastly Appendage     Tmut           12%        N/A       11%         1

Your spell library contained the following spells:

 Spells                   Type           Power      Damage    Failure   Level
 Wereblood                Tmut           6%         N/A       16%         2
 Spider Form              Tmut/Pois      2%         N/A       43%         3
 Ice Form                 Ice/Tmut       4%         N/A       83%         4


Dungeon Overview and Level Annotations

Branches:
Dungeon (1/15)


Innate Abilities, Weirdness & Mutations

Your attributes grow dramatically as you level up.
You have an increased reservoir of magic. (+10% MP)
You shall have no god before yourself.


Message History

Will you prevail where others failed? Will you find the Orb of Zot?
Press ? for a list of commands and other information.
Found a robe.
Found a staircase leading out of the dungeon.
Unknown command.
Unknown command.
You open the door.
Found a stone staircase leading down.
A quokka comes into view.
A quokka is nearby!
b - a sedimented red potion A ball python comes into view.
The quokka misses you.
Found a robe.
You closely miss the quokka. The quokka bites you.
Casting: Beastly Appendage (safe; 11% risk of failure)
Confirm with . or Enter, or press ? or * to list all spells.
You grow a pair of large bovine horns.
Your feet morph into talons.
The quokka closely misses you. The quokka bites you.
You hit the quokka but do no damage.
Your transformation is almost over.
The quokka bites you.
You closely miss the quokka. The quokka bites you.
You are too injured to fight recklessly!
You are too injured to fight recklessly!
The quokka bites you.
You hit the quokka. Your kick misses the quokka.
The quokka is severely wounded.
The quokka bites you.
* * * LOW HITPOINT WARNING * * *
You hit the quokka.
You kill the quokka!
Your horns disappear.
Your talons disappear.
You barely miss the ball python. The ball python completely misses you.
The ball python grabs you. The ball python constricts you.
You closely miss the ball python. The ball python bites you.
* * * LOW HITPOINT WARNING * * *
x2 The ball python constricts you.
You barely miss the ball python. The ball python bites you.
You die...

#..... #### #....##
..... #.....## .....
#......##### .[....
#..........#####......
#.<....###............
#.....[# #.##.........
###'#### #S##...#####.
#.# #@##..... #.#
#.##...### #>#
..###... ### ####
#####


You could see a ball python.

Vanquished Creatures
  A quokka (D:1)
1 creature vanquished.

Notes
Turn   | Place    | Note
-------+----------+-------------------------------------------
     0 | D:1      | sasquatch the Demigod Transmuter began the quest for the
                  | Orb.
     0 | D:1      | Reached XP level 1. HP: 15/15 MP: 5/5
    31 | D:1      | Slain by a ball python

Illustrated notes

Levels and vault maps discovered:
D:1:      elethiomel_arrival_shortcut, layout_basic,
          shapermc_ecumenical_altar_ellora, minmay_fountain_box

Action                   || total
-------------------------++-------
Melee: Unarmed           ||     8
 Cast: Beastly Appendage ||     1
Dodge: Dodged            ||     3
